AoeStats
← CTM | Pentrus

Arena

510262185Analyzed
4v4 RM · 11h ago on Sep 30, 2026· 21m 38s· 8 players
Game mode
Random Map
Map size
Large (8 player)
Population
200
Speed
Normal
Resources
Standard
Victory
Conquest
Starting age
Dark Age
Ending age
Imperial Age
RankedLock teamsTeams togetherTeam positionsShared explorationLock speedFull tech treeHidden civsTurbo modeCheats
Victory
Defeat
🇵🇪 Spanish · Peru
1515
+16
🇲🇽 Turks · Mexico
1479
+18
🇲🇽 Celts · Mexico
1394
+21
🇲🇽 Teutons · Mexico
1389
+21
🇨🇳 Huns · China
1527
-20
🇨🇳 Poles · China
1525
-20
🇨🇳 Mongols · China
1519
-19
🇨🇳 Goths · China
1465
-17
吮指原味鸡
10:48 Feudal Age
11:47 Double-Bit Axe
14:30 Castle Age
12:37 Horse Collar
13:35 Fletching
18:05 Gold Mining
18:46 Bodkin Arrow
我是你巴巴
10:36 Feudal Age
11:47 Horse Collar
14:46 Castle Age
13:02 Double-Bit Axe
15:49 Heavy Plow
17:22 Bow Saw
19:46 Scale Barding Armor
20:47 Szlachta Privileges
21:37 Scale Barding Armor
麦辣鸡翅
10:08 Feudal Age
10:50 Double-Bit Axe
13:38 Castle Age
14:47 Bow Saw
21:48 Wheelbarrow
120057903
6:52 Loom
10:31 Feudal Age
14:26 Castle Age
15:53 Double-Bit Axe
15:51 Horse Collar
16:44 Bow Saw
21:33 Heavy Plow
21:45 Town Watch
viktorcal999
9:53 Feudal Age
10:55 Loom
14:21 Castle Age
12:48 Double-Bit Axe
13:51 Gold Mining
19:20 Pikeman
Manquito 3000
7:37 Loom
9:50 Feudal Age
12:04 Town Watch
12:12 Fletching
12:38 Double-Bit Axe
12:36 Horse Collar
13:54 Stone Mining
Hila Artz
10:28 Feudal Age
11:45 Loom
14:35 Castle Age
14:45 Double-Bit Axe
14:43 Horse Collar
CTM | Pentrus
9:45 Feudal Age
13:58 Castle Age
13:51 Horse Collar
18:30 Padded Archer Armor
21:10 Leather Archer Armor
Connection lost

Rejoining the realm…

Still unreachable

The connection could not be restored.

Session expired

The server has moved on; the page needs a fresh start.